 Dungeon Crawl Stone Soup version 0.24.0-13-gcf9b3192b9 (webtiles) character file.

Game seed: 11371704494873748429, levelgen mode: deterministic

352 Delamore the Cleaver (level 6, -8/51 HPs)
             Began as a Hill Orc Fighter on Nov 9, 2019.
             Was a Believer of Yredelemnul.
             Splashed by Ijyb's acid (12 damage)
             ... on level 3 of the Dungeon.
             The game lasted 00:04:48 (2521 turns).

Delamore the Cleaver (Hill Orc Fighter)             Turns: 2521, Time: 00:04:48

Health: -8/51      AC:  7    Str: 21    XL:     6   Next: 61%
Magic:  7/7        EV:  4    Int:  8    God:    Yredelemnul [**....]
Gold:   106        SH:  9    Dex: 10    Spells: 5/5 levels left

rFire    . . .     SeeInvis .   a - +0 war axe
rCold    + . .     Gourm    .   c - +0 shield
rNeg     . . .     Faith    .   m - +0 plate armour
rPois    .         Spirit   .   (no helmet)
rElec    .         Reflect  .   (no cloak)
rCorr    .         Harm     .   (no gloves)
MR       .....                  (no boots)
Stlth    ..........             (no amulet)
HPRegen  0.17/turn              j - ring of protection from cold
MPRegen  0.10/turn              (no ring)

@: corroded
A: no striking features
a: Animate Remains, Recall Undead Slaves, Injury Mirror, Renounce Religion


You were on level 3 of the Dungeon.
You worshipped Yredelemnul.
Yredelemnul was pleased with you.
You were not hungry.

You visited 1 branch of the dungeon, and saw 3 of its levels.

You collected 106 gold pieces.

Inventory:

Hand Weapons
 a - a +0 war axe (weapon)
Armour
 c - a +0 shield (worn)
 m - a +0 plate armour (worn)
Jewellery
 j - a ring of protection from cold (left hand)
 t - a +6 ring of evasion {unknown}
Wands
 s - a wand of enslavement (8)
Scrolls
 b - 5 scrolls of identify {unknown}
 g - 2 scrolls of random uselessness {unknown}
 h - a scroll of amnesia {unknown}
 k - 4 scrolls of remove curse {unknown}
 r - a scroll of teleportation {unknown}
Potions
 d - a potion of might
 e - 2 potions of resistance {unknown}
 i - 2 potions of curing {unknown}
 l - a potion of degeneration {unknown}
 n - a potion of flight {unknown}
 o - a potion of magic {unknown}
 q - a potion of heal wounds {unknown}
Comestibles
 f - 5 rations
 p - 3 chunks of flesh


   Skills:
 - Level 3.6 Fighting
 + Level 8.3 Axes
 - Level 3.2 Armour
 - Level 0.8 Dodging
 - Level 3.2 Shields
 * Level 2.6 Invocations


You had 5 spell levels left.
You didn't know any spells.
Your spell library was empty.

Dungeon Overview and Level Annotations

Branches:
Dungeon (3/15)

Altars:
Yredelemnul

Annotations:
D:3 Ijyb


Message History

The bolt of acid hits you! The acid corrodes you!
You are splashed with acid!
The bolt of acid hits Sigmund!
Sigmund is splashed with acid.
You are too injured to fight recklessly!
You are too injured to fight recklessly!
You are too injured to fight recklessly!
You are too injured to fight recklessly!
You are too injured to fight recklessly!
You are too injured to fight recklessly!
You are too injured to fight recklessly!
Unknown command.
Your shield and plate armour prevent you from hitting the jackal.
You block the jackal's attack.
Ijyb zaps a wand.
The bolt of acid hits the jackal!!
The jackal is splashed with acid.
The acid corrodes the jackal!
The jackal dies!
The bolt of acid hits you!
* * * LOW HITPOINT WARNING * * *
The acid corrodes you!
You are splashed with acid!
You die...
Your body rises from the dead as a mindless zombie.

Z###.#####.#.#..####.## ## Z#
#...Z.ZZ.†......>... .. .#
#########Z#......... ... Z#
#.##.####.. ######## Z#
###Z#......... #....... .#
#...Z#####...#. #.#.....
.##########...# # .<. #.#.####
.##......##...#####...####.#.##
)##......##..ZZZ@†.g..........#
.##......##..######...####.#..#
.##......##.. . ....#.#..#
..'.......#.# ## #...##.#Z#..#
###.......#. ..# #.......Z#..#
#.......## #.# ##.#####Z#..#
#######.# #.# ####.#..### #.#
#.# #..Z.#..... #.# #.#
#.####..###


You could see Ijyb, a friendly rat zombie, a friendly orc wizard zombie and the
friendly Sigmund the human zombie.

Vanquished Creatures
  Sigmund (D:3)
  2 orc wizards
  A gnoll (D:1)
  5 adders
  6 worms
  3 dart slugs
  2 leopard geckos (D:1)
  3 orcs
  8 bats
  2 giant cockroaches
  4 goblins
  4 hobgoblins
  A jackal (D:3)
  14 kobolds
  2 ball pythons
  2 frilled lizards
  11 rats
  2 plants (D:1)
73 creatures vanquished.

Vanquished Creatures (collateral kills)
  2 bats (D:3)
2 creatures vanquished.

Vanquished Creatures (others)
  A jackal (D:3)
1 creature vanquished.

Grand Total: 76 creatures vanquished

Notes
Turn   | Place    | Note
-------+----------+-------------------------------------------
     0 | D:1      | Delamore the Hill Orc Fighter began the quest for the Orb.
     0 | D:1      | Reached XP level 1. HP: 19/19 MP: 1/1
    74 | D:1      | Reached skill level 3 in Axes
   127 | D:1      | Reached XP level 2. HP: 19/26 MP: 2/2
   141 | D:1      | Reached skill level 4 in Axes
   161 | D:1      | Reached XP level 3. HP: 23/31 MP: 3/3
   630 | D:1      | Reached skill level 5 in Axes
   865 | D:2      | Reached XP level 4. HP: 14/39 MP: 4/4
  1114 | D:2      | Found a faded altar of an unknown god.
  1148 | D:2      | Became a worshipper of Yredelemnul the Dark
  1148 | D:2      | Reached * piety under Yredelemnul
  1290 | D:2      | Reached skill level 6 in Axes
  1936 | D:3      | Noticed Sigmund
  1942 | D:2      | Reached XP level 5. HP: 45/45 MP: 5/5
  1948 | D:3      | Reached skill level 1 in Invocations
  1961 | D:3      | Killed Sigmund
  1961 | D:3      | Reached skill level 8 in Axes
  1961 | D:3      | Reached XP level 6. HP: 22/51 MP: 5/7
  2331 | D:3      | Reached ** piety under Yredelemnul
  2512 | D:3      | Noticed Ijyb
  2521 | D:3      | Splashed by Ijyb's acid

Levels and vault maps discovered:
D:1:      dpeg_arrival_boxorama, layout_loops_cross, lexackson_kobold_supper
D:2:      layout_basic, chequers_ecumenical_altar_simple
D:3:      layout_basic, uniq_ijyb, uniq_sigmund

Skill      XL: |  1  2  3  4  5 |
---------------+----------------+-----
Axes           | 3 4 5 6 8 |  8.3
Invocations    | 2 |  2.6
Fighting       | |  3.6
Armour         | |  3.2
Dodging        | |  0.8
Shields        | |  3.2

Action                   |  1- 3 |  4- 6 || total
-------------------------+-------+-------++-------
Melee: War axe           |   150 |   121 ||   271
Invok: Animate Remains   |       |     3 ||     3
  Eat: Chunk             |       |     7 ||     7
Armor: Scale mail        |    61 |       ||    61
       Plate armour      |     1 |    78 ||    79
Dodge: Dodged            |    36 |    22 ||    58
Block: Shield            |    60 |    67 ||   127
